3AAA
SCRANTON SUPERNOVAS @ HAMILTON COYOTES
09/16/2023
 
TOP OF THE 1ST
Scranton Supernovas batting - Pitching for Hamilton Coyotes : LHP Earl Brown
Pitching: LHP Earl Brown
Batting: RHB Keith MacKey 0-0: SINGLE (Line Drive, 8LS)
Batting: LHB Francisco Ortega 0-0: Foul Ball, location: 2F
0-1: Ball
1-1: Ball
2-1: Ball
3-1: Called Strike
3-2: Fly out, F5 (Popup, 5SF)
Batting: RHB Martín Álvarez 0-0: Ball
1-0: Called Strike
1-1: Ball
2-1: SINGLE (Flyball, 78S)
Keith MacKey to second
Batting: RHB Ethan Stanford 0-0: Foul Ball, location: 2F
0-1: Ball
1-1: Foul Ball, location: 2F
1-2: Ball
2-2: Foul Ball, location: 2F
2-2: Foul Ball, location: 2F
2-2: Ball
3-2: Base on Balls
Keith MacKey to third
Martín Álvarez to second
Batting: RHB Brad Jacobson 0-0: Ball
1-0: Swinging Strike
1-1: Ball
2-1: Swinging Strike
2-2: Ball
3-2: Base on Balls
Keith MacKey scores
Martín Álvarez to third
Ethan Stanford to second
Batting: RHB Jerome Wilson 0-0: Called Strike
0-1: DOUBLE (Line Drive, 8LM)
Martín Álvarez scores
Ethan Stanford scores
Brad Jacobson to third
Batting: LHB Pedro López 0-0: Swinging Strike
0-1: Ball
1-1: Foul Ball, location: 2F
1-2: Strikes out swinging
Batting: RHB Chris Henderson 0-0: Fly out, F3 (Popup, 23F)
Top of the 1st over - 3 run(s), 3 hit(s), 0 error(s), 2 left on base; Scranton 3 - Hamilton 0
BOTTOM OF THE 1ST
Hamilton Coyotes batting - Pitching for Scranton Supernovas : LHP Randy Hoffman
Pitching: LHP Randy Hoffman
Batting: RHB Monty Sharp 0-0: Foul Ball, location: 2F
0-1: Ball
1-1: Ball
2-1: Ball
3-1: Ground out 5-3 (Groundball, 56)
Batting: RHB Carlos Mercado 0-0: Called Strike
0-1: Ball
1-1: Foul Ball, location: 2F
1-2: Strikes out looking
Batting: RHB Ron Clark 0-0: Foul Ball, location: 2F
0-1: SINGLE (Groundball, 4MD)
Batting: LHB Tony Ríos 0-0: Ball
1-0: 2-RUN HOME RUN (Flyball, 89XD), Distance : 381 ft
Batting: RHB Héctor Rojas 0-0: Fly out, F7 (Line Drive, 7LD)
Bottom of the 1st over - 2 run(s), 2 hit(s), 0 error(s), 0 left on base; Scranton 3 - Hamilton 2
TOP OF THE 2ND
Scranton Supernovas batting - Pitching for Hamilton Coyotes : LHP Earl Brown
Batting: SHB Neil Nash 0-0: Called Strike
0-1: Ball
1-1: Foul Ball, location: 2F
1-2: Strikes out looking
Batting: RHB Keith MacKey 0-0: Ball
1-0: Ground out 6-3 (Groundball, 6)
Batting: LHB Francisco Ortega 0-0: Swinging Strike
0-1: Foul Ball, location: 2F
0-2: Fly out, F4 (Popup, 4D)
Top of the 2nd over - 0 run(s), 0 hit(s), 0 error(s), 0 left on base; Scranton 3 - Hamilton 2
BOTTOM OF THE 2ND
Hamilton Coyotes batting - Pitching for Scranton Supernovas : LHP Randy Hoffman
Batting: RHB Dan Bernard 0-0: Foul Ball, location: 2F
0-1: Foul Ball, location: 2F
0-2: Fly out, F9 (Line Drive, 9LM)
Batting: LHB Lance Schiffer 0-0: SINGLE (Line Drive, 6D)
Batting: RHB Sam Horton 0-0: Called Strike
0-1: Ball
1-1: Ball
2-1: Fly out, F7 (Flyball, 7LMF)
Batting: RHB Rodrigo Pagán 0-0: Fly out, F9 (Flyball, 9LS)
Bottom of the 2nd over - 0 run(s), 1 hit(s), 0 error(s), 1 left on base; Scranton 3 - Hamilton 2
TOP OF THE 3RD
Scranton Supernovas batting - Pitching for Hamilton Coyotes : LHP Earl Brown
Batting: RHB Martín Álvarez 0-0: Ball
1-0: Ball
2-0: SINGLE (Line Drive, 4MD)
Batting: RHB Ethan Stanford 0-0: Called Strike
0-1: Swinging Strike
0-2: SINGLE (Line Drive, 56)
Martín Álvarez to second
Batting: RHB Brad Jacobson 0-0: Called Strike
0-1: Foul Ball, location: 2F
0-2: Strikes out looking
Batting: RHB Jerome Wilson 0-0: Foul Ball, location: 2F
0-1: Ball
1-1: Swinging Strike
1-2: Grounds into double play, 6-4-3 (Groundball, 6M)
Top of the 3rd over - 0 run(s), 2 hit(s), 0 error(s), 1 left on base; Scranton 3 - Hamilton 2
BOTTOM OF THE 3RD
Hamilton Coyotes batting - Pitching for Scranton Supernovas : LHP Randy Hoffman
Batting: RHB Monty Sharp 0-0: Called Strike
0-1: Called Strike
0-2: Ball
1-2: Foul Ball, location: 2F
1-2: Strikes out swinging
Batting: RHB Carlos Mercado 0-0: Ball
1-0: Ball
2-0: Ball
3-0: Called Strike
3-1: Base on Balls
Batting: RHB Ron Clark 0-0: Called Strike
0-1: Called Strike
0-2: Ball
1-2: Foul Ball, location: 2F
1-2: Ball
2-2: Strikes out looking
Batting: LHB Tony Ríos 0-0: Ball
1-0: Called Strike
1-1: Swinging Strike
1-2: Strikes out swinging
Bottom of the 3rd over - 0 run(s), 0 hit(s), 0 error(s), 1 left on base; Scranton 3 - Hamilton 2
TOP OF THE 4TH
Scranton Supernovas batting - Pitching for Hamilton Coyotes : LHP Earl Brown
Batting: LHB Pedro López 0-0: Called Strike
0-1: Ball
1-1: Ground out U3 (Groundball, 3)
Batting: RHB Chris Henderson 0-0: Called Strike
0-1: Ball
1-1: Swinging Strike
1-2: Strikes out looking
Batting: SHB Neil Nash 0-0: Ball
1-0: Ball
2-0: Ball
3-0: Called Strike
3-1: Swinging Strike
3-2: Base on Balls
Batting: RHB Keith MacKey 0-0: Ball
1-0: Fly out, F6 (Line Drive, 6)
Top of the 4th over - 0 run(s), 0 hit(s), 0 error(s), 1 left on base; Scranton 3 - Hamilton 2
BOTTOM OF THE 4TH
Hamilton Coyotes batting - Pitching for Scranton Supernovas : LHP Randy Hoffman
Batting: RHB Héctor Rojas 0-0: Fly out, F7 (Flyball, 78M)
Batting: RHB Dan Bernard 0-0: Foul Ball, location: 2F
0-1: SINGLE (Groundball, 6)
Batting: LHB Lance Schiffer 0-0: Fly out, F8 (Flyball, 8RM)
Batting: RHB Sam Horton 0-0: Ball
1-0: Ball
2-0: Called Strike
2-1: Called Strike
2-2: Strikes out looking
Bottom of the 4th over - 0 run(s), 1 hit(s), 0 error(s), 1 left on base; Scranton 3 - Hamilton 2
TOP OF THE 5TH
Scranton Supernovas batting - Pitching for Hamilton Coyotes : LHP Earl Brown
Batting: LHB Francisco Ortega 0-0: Ball
1-0: Fly out, F7 (Flyball, 7LS)
Batting: RHB Martín Álvarez 0-0: Called Strike
0-1: Ground out 6-3 (Groundball, 6)
Batting: RHB Ethan Stanford 0-0: Ball
1-0: Swinging Strike
1-1: Ball
2-1: Ball
3-1: Swinging Strike
3-2: Foul Ball, location: 2F
3-2: Foul Ball, location: 2F
3-2: Foul Ball, location: 2F
3-2: Foul Ball, location: 2F
3-2: Foul Ball, location: 2F
3-2: Strikes out swinging
Top of the 5th over - 0 run(s), 0 hit(s), 0 error(s), 0 left on base; Scranton 3 - Hamilton 2
BOTTOM OF THE 5TH
Hamilton Coyotes batting - Pitching for Scranton Supernovas : LHP Randy Hoffman
Batting: RHB Rodrigo Pagán 0-0: Ground out U3 (Groundball, 3S)
Batting: RHB Monty Sharp 0-0: Ball
1-0: Ball
2-0: Ground out 5-3 (Groundball, 56)
Batting: RHB Carlos Mercado 0-0: Foul Ball, location: 2F
0-1: Ball
1-1: Fly out, F8 (Flyball, 8RM)
Bottom of the 5th over - 0 run(s), 0 hit(s), 0 error(s), 0 left on base; Scranton 3 - Hamilton 2
TOP OF THE 6TH
Scranton Supernovas batting - Pitching for Hamilton Coyotes : LHP Earl Brown
Batting: RHB Brad Jacobson 0-0: Called Strike
0-1: SINGLE (Line Drive, 56)
Batting: RHB Jerome Wilson 0-0: Ball
1-0: Bunted foul
1-1: Ball
2-1: Sac Bunt - play at first, batter OUT! 1-4
Brad Jacobson to second
Batting: LHB Pedro López 0-0: Intentional Walk
Batting: RHB Chris Henderson 0-0: Ball
1-0: Fly out, F9 (Line Drive, 9M)
Batting: SHB Neil Nash 0-0: Called Strike
0-1: Ball
1-1: Foul Ball, location: 2F
1-2: Ground out 4-3 (Groundball, 4)
Top of the 6th over - 0 run(s), 1 hit(s), 0 error(s), 2 left on base; Scranton 3 - Hamilton 2
BOTTOM OF THE 6TH
Hamilton Coyotes batting - Pitching for Scranton Supernovas : LHP Randy Hoffman
Batting: RHB Ron Clark 0-0: Ball
1-0: Swinging Strike
1-1: Foul Ball, location: 2F
1-2: Ball
2-2: Ball
3-2: Foul Ball, location: 2F
3-2: Fly out, F3 (Popup, 3S)
Batting: LHB Tony Ríos 0-0: Foul Ball, location: 2F
0-1: Fly out, F7 (Flyball, 78M)
Batting: RHB Héctor Rojas 0-0: Ball
1-0: SINGLE (Groundball, 6M)
Batting: RHB Dan Bernard 0-0: Ball
1-0: Ball
2-0: Called Strike
2-1: Ball
3-1: Called Strike
3-2: Foul Ball, location: 2F
3-2: Ground out 5-3 (Groundball, 56)
Bottom of the 6th over - 0 run(s), 1 hit(s), 0 error(s), 1 left on base; Scranton 3 - Hamilton 2
TOP OF THE 7TH
Scranton Supernovas batting - Pitching for Hamilton Coyotes : LHP Earl Brown
Batting: RHB Keith MacKey 0-0: Ball
1-0: Ball
2-0: Ball
3-0: Base on Balls
Batting: LHB Francisco Ortega 0-0: Sac Bunt - play at first, batter OUT! 1-4
Keith MacKey to second
Batting: RHB Martín Álvarez 0-0: Ball
1-0: Called Strike
1-1: Called Strike
1-2: Fly out, F2 (Popup, 2RF)
Pitching: LHP Grant Woods
Batting: RHB Ethan Stanford 0-0: Foul Ball, location: 2F
0-1: Ball
1-1: Ball
2-1: Ball
3-1: Base on Balls
Batting: RHB Brad Jacobson 0-0: Ball
1-0: Ground out 6-3 (Groundball, 6)
Top of the 7th over - 0 run(s), 0 hit(s), 0 error(s), 2 left on base; Scranton 3 - Hamilton 2
BOTTOM OF THE 7TH
Hamilton Coyotes batting - Pitching for Scranton Supernovas : LHP Randy Hoffman
Batting: LHB Lance Schiffer 0-0: Ball
1-0: SINGLE (Groundball, 3D)
Batting: RHB Sam Horton 0-0: Sac Bunt - play at first, batter OUT! 1-4
Lance Schiffer to second
Batting: RHB Rodrigo Pagán 0-0: Ball
1-0: Ball
2-0: Foul Ball, location: 2F
2-1: Ball
3-1: Base on Balls
Batting: RHB Monty Sharp 0-0: Called Strike
0-1: Ball
1-1: Ball
2-1: Called Strike
2-2: Ball
3-2: Foul Ball, location: 2F
3-2: Base on Balls
Lance Schiffer to third
Rodrigo Pagán to second
Batting: RHB Carlos Mercado 0-0: Fly out, F5 (Popup, 5F)
Batting: RHB Ron Clark 0-0: Ball
1-0: Ball
2-0: Ball
3-0: Called Strike
3-1: Fly out, F3 (Popup, 3F)
Bottom of the 7th over - 0 run(s), 1 hit(s), 0 error(s), 3 left on base; Scranton 3 - Hamilton 2
TOP OF THE 8TH
Scranton Supernovas batting - Pitching for Hamilton Coyotes : LHP Grant Woods
Batting: RHB Jerome Wilson 0-0: Called Strike
0-1: Ball
1-1: Ball
2-1: Foul Ball, location: 2F
2-2: Ball
3-2: Ground out 6-3 (Groundball, 6)
Batting: LHB Pedro López 0-0: Ball
1-0: SINGLE (Flyball, 78S)
Pinch Hitting: RHB Jason Duncan 0-0: Foul Ball, location: 2F
0-1: Swinging Strike
0-2: Foul Ball, location: 2F
0-2: Ball
Pedro López is caught stealing 2nd base
1-2: Ball
2-2: Ball
3-2: Fly out, F7 (Flyball, 78M)
Top of the 8th over - 0 run(s), 1 hit(s), 0 error(s), 0 left on base; Scranton 3 - Hamilton 2
BOTTOM OF THE 8TH
Hamilton Coyotes batting - Pitching for Scranton Supernovas : LHP Randy Hoffman
Now at C: Steven Johnson
Now at 3B: Sergio Canales
Batting: LHB Tony Ríos 0-0: Called Strike
0-1: Swinging Strike
0-2: Ball
1-2: Fly out, F9 (Line Drive, 9S)
Batting: RHB Héctor Rojas 0-0: Ball
1-0: SOLO HOME RUN (Flyball, 89XD), Distance : 387 ft
Batting: RHB Dan Bernard 0-0: Fly out, F8 (Line Drive, 8LM)
Batting: LHB Lance Schiffer 0-0: Ball
1-0: Foul Ball, location: 2F
1-1: Swinging Strike
1-2: Foul Ball, location: 2F
1-2: Foul Ball, location: 2F
1-2: Ball
2-2: SINGLE (Groundball, 34D)
Pinch Hitting: RHB Noel Wells 0-0: Ground out 5-3 (Groundball, 5S)
Bottom of the 8th over - 1 run(s), 2 hit(s), 0 error(s), 1 left on base; Scranton 3 - Hamilton 3
TOP OF THE 9TH
Scranton Supernovas batting - Pitching for Hamilton Coyotes : LHP Grant Woods
Pitching: RHP John Ashley
Now at 1B: Jim Unknown
Batting: SHB Neil Nash 0-0: Fly out, F8 (Flyball, 89M)
Pinch Hitting: LHB Neal Hart 0-0: Ball
1-0: Foul Ball, location: 2F
1-1: Ball
2-1: Ball
3-1: Base on Balls
Batting: LHB Francisco Ortega 0-0: Ball
1-0: Grounds into double play, 1-6-3 (Groundball, 13S)
Top of the 9th over - 0 run(s), 0 hit(s), 0 error(s), 0 left on base; Scranton 3 - Hamilton 3
BOTTOM OF THE 9TH
Hamilton Coyotes batting - Pitching for Scranton Supernovas : LHP Randy Hoffman
Now at 1B: Neal Hart
Batting: RHB Rodrigo Pagán 0-0: Ball
1-0: Ball
2-0: Foul Ball, location: 2F
2-1: Swinging Strike
2-2: Strikes out swinging
Batting: RHB Monty Sharp 0-0: Ball
1-0: Ball
2-0: Called Strike
2-1: Ball
3-1: Base on Balls
Pitching: LHP José Sandoval
Batting: RHB Carlos Mercado 0-0: Called Strike
0-1: Ball
1-1: Swinging Strike
1-2: Ball
2-2: Foul Ball, location: 2F
2-2: Foul Ball, location: 2F
2-2: Ball
3-2: Foul Ball, location: 2F
3-2: Reached on error, E5 (Groundball, 5S)
Monty Sharp to second
Batting: RHB Ron Clark 0-0: Swinging Strike
0-1: Called Strike
0-2: Foul Ball, location: 2F
0-2: Grounds into double play, 5-4-3 (Groundball, 5)
Bottom of the 9th over - 0 run(s), 0 hit(s), 1 error(s), 1 left on base; Scranton 3 - Hamilton 3
TOP OF THE 10TH
Scranton Supernovas batting - Pitching for Hamilton Coyotes : RHP John Ashley
Batting: RHB Martín Álvarez 0-0: Ball
1-0: Ball
2-0: Called Strike
2-1: Called Strike
2-2: Strikes out swinging
Batting: RHB Ethan Stanford 0-0: Called Strike
0-1: Foul Ball, location: 2F
0-2: Ball
1-2: Foul Ball, location: 2F
1-2: Ball
2-2: Ball
3-2: Fly out, F8 (Flyball, 8RD)
Batting: LHB Steven Johnson 0-0: Called Strike
0-1: Ball
1-1: Called Strike
1-2: Ball
2-2: Strikes out swinging
Top of the 10th over - 0 run(s), 0 hit(s), 0 error(s), 0 left on base; Scranton 3 - Hamilton 3
BOTTOM OF THE 10TH
Hamilton Coyotes batting - Pitching for Scranton Supernovas : LHP José Sandoval
Pinch Hitting: RHB Quinn Johnson 0-0: Called Strike
0-1: Ball
1-1: Ball
2-1: Foul Ball, location: 2F
2-2: Foul Ball, location: 2F
2-2: Foul Ball, location: 2F
2-2: Strikes out swinging
Batting: RHB Héctor Rojas 0-0: Swinging Strike
0-1: Ball
1-1: Ball
2-1: Reached on error, E6 (Groundball, 6)
Batting: RHB Dan Bernard 0-0: Intentional Walk
Pinch Runner at 2nd Francisco Morales:
Batting: LHB Lance Schiffer 0-0: SINGLE (Groundball, 4MD)
Francisco Morales to third
Dan Bernard to second
Batting: LHB Jim Unknown 0-0: Called Strike
0-1: Ball
1-1: Called Strike
1-2: Strikes out swinging
Batting: RHB Rodrigo Pagán 0-0: Ball
1-0: Swinging Strike
1-1: Ground out 6-3 (Groundball, 6)
Bottom of the 10th over - 0 run(s), 1 hit(s), 1 error(s), 3 left on base; Scranton 3 - Hamilton 3
TOP OF THE 11TH
Scranton Supernovas batting - Pitching for Hamilton Coyotes : RHP John Ashley
Pitching: RHP Júlio Villegas
Now at 2B: Quinn Johnson
Now in LF: Francisco Morales
Batting: RHB Jerome Wilson 0-0: Ball
1-0: Foul Ball, location: 2F
1-1: Called Strike
1-2: Foul Ball, location: 2F
1-2: Ball
2-2: Ball
3-2: Foul Ball, location: 2F
3-2: Base on Balls
Batting: LHB Pedro López 0-0: Sac Bunt - play at first, batter OUT! 3-4
Jerome Wilson to second
Batting: RHB Sergio Canales 0-0: Foul Ball, location: 2F
0-1: Reached on error, E6 (Groundball, 6)
Jerome Wilson to third
Batting: SHB Neil Nash 0-0: Ball
1-0: Called Strike
1-1: Fly out, F9 (Flyball, 89D)
Runner from 3rd tags up, SCORES, no throw
Batting: LHB Neal Hart 0-0: Called Strike
0-1: Foul Ball, location: 2F
0-2: DOUBLE (Line Drive, 5D)
Sergio Canales to third
Runner from 3rd tries for Home, SAFE, no throw or cutoff
Batting: LHB Francisco Ortega 0-0: Foul Ball, location: 2F
0-1: Foul Ball, location: 2F
0-2: Foul Ball, location: 2F
0-2: Ground out U3 (Groundball, 3L)
Top of the 11th over - 2 run(s), 1 hit(s), 1 error(s), 1 left on base; Scranton 5 - Hamilton 3
BOTTOM OF THE 11TH
Hamilton Coyotes batting - Pitching for Scranton Supernovas : LHP José Sandoval
Pitching: RHP Cor Snel
Now at SS: Phil Fleming
Now in LF: Bob Ethridge
Batting: RHB Monty Sharp 0-0: Called Strike
0-1: Called Strike
0-2: SINGLE (Groundball, 34S)
Batting: RHB Carlos Mercado 0-0: Ball
1-0: Fly out, F9 (Flyball, 89S)
Batting: RHB Ron Clark 0-0: Called Strike
0-1: Fly out, F9 (Flyball, 89M)
Batting: RHB Quinn Johnson 0-0: SINGLE (Groundball, 6MD)
Monty Sharp to second
Runner from 2nd tries for 3rd, SAFE, throw made to third
Batting: RHB Francisco Morales 0-0: Swinging Strike
0-1: Called Strike
0-2: Foul Ball, location: 2F
0-2: Ball
1-2: Ball
2-2: Fly out, F7 (Flyball, 78M)
Bottom of the 11th over - 0 run(s), 2 hit(s), 0 error(s), 2 left on base; Scranton 5 - Hamilton 3
This league is powered by Out of the Park Baseball, the baseball management simulation game for PC, Mac and Linux
Friday, July 8th, 2016 - OOTP Baseball 16.9 Build 39